[Event "7th Leer Open-A 2024"]
[Site "Leer"]
[Date "2024.10.31"]
[Round "1.51"]
[White "Dornieden, Jonas"]
[Black "Schoene, Finn"]
[Result "1-0"]
[ECO "D31"]
[WhiteElo "2064"]
[BlackElo "1847"]
[Annotator "RC"]
[PlyCount "55"]
[EventDate "2024.10.14"]
[EventType "swiss"]
[EventCountry "GER"]
[SourceTitle "playchess.com"]
[Source "ChessBase"]
[SourceQuality "1"]
[TimeControl "40/5400+30:900+30"]

1. d4 d5 2. c4 e6 3. Nc3 c6 4. Nf3 dxc4 5. a4 Bb4 6. Bd2 b5 7. e3 a5 8. axb5 Bxc3 9. Bxc3 cxb5 10. b3 Bb7 11. bxc4 b4 12. Bb2 Nf6 13. Bd3 O-O 14. O-O Nbd7 15. Re1 Ne4 16. Qc2 Ndf6 17. Ne5 Qc7 18. f3 Nd6 19. c5 Nc8 20. e4 Ne7 21. Nc4 Nc6 22. Nb6 Ra7 23. d5 Nd8 24. Bxf6 gxf6 25. Rec1 Kh8 26. d6 Qc6 27. Qe2 Qe8 28. d7 1-0

[Event "7th Leer Open-A 2024"]
[Site "Leer"]
[Date "2024.10.31"]
[Round "1.52"]
[White "Gerhardt, Dirk"]
[Black "Rolf, Marco"]
[Result "0-1"]
[ECO "D02"]
[WhiteElo "1832"]
[BlackElo "2059"]
[Annotator "RC"]
[PlyCount "48"]
[EventDate "2024.10.14"]
[EventType "swiss"]
[EventCountry "GER"]
[SourceTitle "playchess.com"]
[Source "ChessBase"]
[SourceQuality "1"]
[TimeControl "40/5400+30:900+30"]

1. d4 d5 2. Nf3 Nf6 3. c3 c5 4. a3 e6 5. Bg5 Qb6 6. b4 cxd4 7. Qxd4 Nbd7 8. Nbd2 Be7 9. e3 a5 10. b5 O-O 11. Be2 Bc5 12. Qd3 e5 13. Qc2 Re8 14. O-O e4 15. Nd4 Ne5 16. N4b3 Bf8 17. c4 Bg4 18. c5 Qc7 19. Bxg4 Nfxg4 20. b6 Qc8 21. Rfc1 Nd3 22. Rf1 a4 23. Nc1 Nxc5 24. h3 Ne5 0-1

[Event "7th Leer Open-A 2024"]
[Site "Leer"]
[Date "2024.10.31"]
[Round "1.53"]
[White "Hansch, Torsten"]
[Black "Goes, Carsten"]
[Result "1-0"]
[ECO "D26"]
[WhiteElo "2057"]
[BlackElo "1826"]
[Annotator "RC"]
[PlyCount "81"]
[EventDate "2024.10.14"]
[EventType "swiss"]
[EventCountry "GER"]
[SourceTitle "playchess.com"]
[Source "ChessBase"]
[SourceQuality "1"]
[TimeControl "40/5400+30:900+30"]

1. d4 d5 2. c4 dxc4 3. e3 Nf6 4. Bxc4 e6 5. Nf3 a6 6. O-O Nbd7 7. Nbd2 c5 8. e4 cxd4 9. e5 Nd5 10. Nb3 Be7 11. Nbxd4 O-O 12. Nf5 exf5 13. Bxd5 Nb6 14. Bb3 Qxd1 15. Rxd1 Be6 16. Be3 Nc4 17. Bxc4 Bxc4 18. Rd7 Rfe8 19. b3 Bb5 20. Rxb7 Bc6 21. Rc7 Bxf3 22. gxf3 f6 23. exf6 Bxf6 24. Rd1 a5 25. Rd5 Be5 26. Rcc5 f4 27. Rxe5 fxe3 28. Rxe8+ Rxe8 29. fxe3 Rxe3 30. Kf2 Rd3 31. Rxa5 Rd2+ 32. Kg3 Rb2 33. Ra7 h5 34. f4 Kh7 35. f5 Kh6 36. h4 Rd2 37. Ra4 Rb2 38. Kf3 Kh7 39. Ra8 Rh2 40. Kg3 Rb2 41. Kf4 1-0

[Event "7th Leer Open-A 2024"]
[Site "Leer"]
[Date "2024.10.31"]
[Round "1.54"]
[White "Graf, David"]
[Black "Dorendorf, Mika"]
[Result "1/2-1/2"]
[ECO "B23"]
[WhiteElo "1782"]
[BlackElo "2045"]
[Annotator "RC"]
[PlyCount "72"]
[EventDate "2024.10.14"]
[EventType "swiss"]
[EventCountry "GER"]
[SourceTitle "playchess.com"]
[Source "ChessBase"]
[SourceQuality "1"]
[TimeControl "40/5400+30:900+30"]

1. e4 c5 2. Nc3 Nc6 3. f4 g6 4. Nf3 Bg7 5. Bc4 d6 6. O-O Nh6 7. d3 Na5 8. Bb5+ Bd7 9. Bxd7+ Qxd7 10. Bd2 Nc6 11. Qe1 Nd4 12. Rc1 b5 13. b3 b4 14. Na4 O-O 15. h3 Nxf3+ 16. Rxf3 f6 17. Kh1 Nf7 18. Qh4 f5 19. Re1 e5 20. exf5 gxf5 21. Rg3 Kh8 22. Qh5 Rae8 23. fxe5 Rxe5 24. Rxe5 Bxe5 25. Rf3 Nd8 26. Bh6 Rf7 27. Bf4 Bg7 28. Re3 Ne6 29. Bxd6 Bd4 30. Be5+ Ng7 31. Bxg7+ Rxg7 32. Qe8+ Qxe8 33. Rxe8+ Rg8 34. Re7 Rg7 35. Re8+ Rg8 36. Re7 Rg7 1/2-1/2

[Event "7th Leer Open-A 2024"]
[Site "Leer"]
[Date "2024.10.31"]
[Round "1.55"]
[White "Udelnov, Valentin"]
[Black "Kutlar, Aras"]
[Result "1-0"]
[ECO "B36"]
[WhiteElo "2045"]
[BlackElo "1759"]
[Annotator "RC"]
[PlyCount "71"]
[EventDate "2024.10.14"]
[EventType "swiss"]
[EventCountry "GER"]
[SourceTitle "playchess.com"]
[Source "ChessBase"]
[SourceQuality "1"]
[TimeControl "40/5400+30:900+30"]

1. e4 c5 2. Nf3 g6 3. c4 Nc6 4. d4 cxd4 5. Nxd4 Nf6 6. Nc3 Nxd4 7. Qxd4 d6 8. Be3 Bg7 9. Be2 O-O 10. Qd3 Be6 11. O-O Qa5 12. Bd4 Rfc8 13. b3 Bd7 14. Rfe1 Rab8 15. Bf1 a6 16. a4 Qh5 17. h3 Bc6 18. Rad1 Kf8 19. e5 Ne8 20. e6 Nf6 21. exf7 Kxf7 22. b4 Qf5 23. Qe3 Re8 24. b5 axb5 25. Bd3 Qh5 26. cxb5 Bd7 27. Bc4+ e6 28. Ba7 Rbc8 29. Be2 Qe5 30. Qxe5 dxe5 31. Rd3 Re7 32. Bf3 Be8 33. Red1 Rd7 34. Rxd7+ Bxd7 35. Ne4 Nxe4 36. Rxd7+ 1-0

[Event "7th Leer Open-A 2024"]
[Site "Leer"]
[Date "2024.10.31"]
[Round "1.56"]
[White "Haertel, Leon"]
[Black "Capelja, Christian"]
[Result "0-1"]
[ECO "E46"]
[WhiteElo "1816"]
[BlackElo "2023"]
[Annotator "RC"]
[PlyCount "116"]
[EventDate "2024.10.14"]
[EventType "swiss"]
[EventCountry "GER"]
[SourceTitle "playchess.com"]
[Source "ChessBase"]
[SourceQuality "1"]
[TimeControl "40/5400+30:900+30"]

1. d4 Nf6 2. c4 e6 3. Nc3 Bb4 4. e3 O-O 5. Qc2 d5 6. Bd2 b6 7. cxd5 exd5 8. Nf3 c5 9. Bd3 c4 10. Bf5 Bxf5 11. Qxf5 Qd7 12. Qc2 Nc6 13. O-O Rfe8 14. b3 Bxc3 15. Bxc3 b5 16. bxc4 bxc4 17. Ne5 Nxe5 18. dxe5 Ng4 19. Rad1 Nxe5 20. Bxe5 Rxe5 21. Qxc4 dxc4 22. Rxd7 Rc5 23. g3 c3 24. Rc1 c2 25. Kf1 h5 26. Ke2 a5 27. Rd2 Rac8 28. Kd3 Rc3+ 29. Ke2 g6 30. Rd3 R3c5 31. Kd2 Kg7 32. Rd4 R8c7 33. h4 Kf6 34. Ke2 Ke5 35. Kd2 f6 36. f3 g5 37. Re4+ Kf5 38. Rd4 gxh4 39. gxh4 Rg7 40. Kd3 Rg2 41. Rf4+ Kg6 42. Kd4 Rc6 43. Kd3 Rh2 44. a4 Rd6+ 45. Kc3 Re2 46. Re4 Kf7 47. f4 Kg6 48. Re7 Kf5 49. Kb2 Rc6 50. Rb7 Rc5 51. Rb5 Rxb5+ 52. axb5 Rxe3 53. Rxc2 Kxf4 54. Rf2+ Ke5 55. b6 Re4 56. Ka3 Rb4 57. Rb2 Rxb2 58. Kxb2 Kd6 0-1

[Event "7th Leer Open-A 2024"]
[Site "Leer"]
[Date "2024.10.31"]
[Round "1.57"]
[White "Tymura, Achim"]
[Black "Moeller, Tom"]
[Result "1-0"]
[ECO "D31"]
[WhiteElo "2035"]
[BlackElo "1812"]
[Annotator "RC"]
[PlyCount "143"]
[EventDate "2024.10.14"]
[EventType "swiss"]
[EventCountry "GER"]
[SourceTitle "playchess.com"]
[Source "ChessBase"]
[SourceQuality "1"]
[TimeControl "40/5400+30:900+30"]

1. Nf3 d5 2. c4 c6 3. d4 e6 4. cxd5 exd5 5. Nc3 Bd6 6. Bg5 Qb6 7. Qd2 f5 8. e3 Nd7 9. Bd3 Ndf6 10. Qc2 Ne4 11. Bxe4 fxe4 12. Nd2 Ne7 13. Bh4 Nf5 14. Bg3 Nxg3 15. hxg3 Bg4 16. Ncxe4 Bc7 17. Ng5 Qb5 18. Ngf3 O-O-O 19. O-O-O Rhf8 20. Rdf1 Bf5 21. Qb3 Qe2 22. Nb1 Bd3 23. Re1 Qxf2 24. Qxd3 Qxg2 25. Nfd2 Bxg3 26. Reg1 Qf2 27. Nc3 Bh4 28. Nd1 Qf6 29. Rf1 Qe7 30. Qxh7 Bf6 31. Qh3+ Kb8 32. Rf3 c5 33. Nb3 cxd4 34. Nxd4 Qc5+ 35. Nc3 Bxd4 36. exd4 Qxd4 37. Rd1 Qc4 38. Rxf8 Rxf8 39. Qg3+ Ka8 40. Qxg7 Qf4+ 41. Kb1 Qf5+ 42. Ka1 Rc8 43. a3 Rd8 44. Qd4 a6 45. Nxd5 Kb8 46. Qc4 Qf7 47. Rd3 Rf8 48. Rc3 Qf1+ 49. Qxf1 Rxf1+ 50. Ka2 Rf5 51. Nb4 Rh5 52. Nd3 Rg5 53. Rc5 Rg4 54. Ne5 Rd4 55. Kb3 Rd6 56. Kc4 b5+ 57. Kc3 Kb7 58. b4 Rh6 59. Nd3 Rh3 60. Re5 Kb6 61. Re6+ Ka7 62. Kd4 Rh4+ 63. Kd5 Rh3 64. Nc5 Rxa3 65. Re7+ Ka8 66. Kc6 Rh3 67. Kb6 Rh6+ 68. Ne6 Rh8 69. Re8+ Rxe8 70. Nc7+ Kb8 71. Nxe8 a5 72. Kxa5 1-0

[Event "7th Leer Open-A 2024"]
[Site "Leer"]
[Date "2024.10.31"]
[Round "1.58"]
[White "Koerber, Uwe"]
[Black "Langenberg, Magnus"]
[Result "0-1"]
[ECO "B23"]
[WhiteElo "1807"]
[BlackElo "2026"]
[Annotator "RC"]
[PlyCount "68"]
[EventDate "2024.10.14"]
[EventType "swiss"]
[EventCountry "GER"]
[SourceTitle "playchess.com"]
[Source "ChessBase"]
[SourceQuality "1"]
[TimeControl "40/5400+30:900+30"]

1. e4 c5 2. Nc3 Nc6 3. f4 g6 4. Bc4 Bg7 5. Nf3 e6 6. Qe2 a6 7. a4 Nd4 8. Nxd4 cxd4 9. Nd1 Ne7 10. Bb3 d5 11. d3 O-O 12. O-O b6 13. Bd2 a5 14. Rf3 dxe4 15. dxe4 Bb7 16. Nf2 Rc8 17. Re1 Qd7 18. Kh1 Bc6 19. Ra1 b5 20. Bxa5 bxa4 21. Bc4 Rb8 22. Nd3 Qb7 23. Rff1 Bxe4 24. Nc5 Qa7 25. b4 axb3 26. Nxe4 b2 27. Rab1 Qxa5 28. g4 Nd5 29. h4 Ne3 30. Rg1 Qc7 31. Bb3 Qxf4 32. Nc5 Rfc8 33. Nd3 Qe4+ 34. Kh2 Rxb3 0-1

[Event "7th Leer Open-A 2024"]
[Site "Leer"]
[Date "2024.10.31"]
[Round "2.1"]
[White "Pahl, Theis"]
[Black "Kopylov, Michael"]
[Result "0-1"]
[ECO "A10"]
[WhiteElo "2101"]
[BlackElo "2340"]
[Annotator "RC"]
[PlyCount "56"]
[EventDate "2024.10.14"]
[EventType "swiss"]
[EventCountry "GER"]
[SourceTitle "playchess.com"]
[Source "ChessBase"]
[SourceQuality "1"]
[TimeControl "40/5400+30:900+30"]

1. c4 f5 2. g3 Nf6 3. Bg2 g6 4. Nc3 Nc6 5. d3 Bg7 6. e3 O-O 7. Rb1 e5 8. b4 Ne7 9. Nf3 d6 10. O-O h6 11. Qc2 g5 12. h3 Be6 13. Rd1 Ng6 14. b5 Qd7 15. Kh2 Rab8 16. Ba3 b6 17. d4 e4 18. Ne5 Qe8 19. Nc6 Ra8 20. Qe2 a6 21. f3 axb5 22. Nxb5 Qxc6 23. d5 Nxd5 24. cxd5 Bxd5 25. fxe4 Bc4 26. exf5 Qxb5 27. Rxb5 Bxe2 28. Bd5+ Kh8 0-1

[Event "7th Leer Open-A 2024"]
[Site "Leer"]
[Date "2024.10.31"]
[Round "2.2"]
[White "Kopylov, Daniel"]
[Black "Reuter, Julian-Frank"]
[Result "1-0"]
[ECO "B88"]
[WhiteElo "2369"]
[BlackElo "2101"]
[Annotator "RC"]
[PlyCount "67"]
[EventDate "2024.10.14"]
[EventType "swiss"]
[EventCountry "GER"]
[SourceTitle "playchess.com"]
[Source "ChessBase"]
[SourceQuality "1"]
[TimeControl "40/5400+30:900+30"]

1. e4 c5 2. Nf3 d6 3. d4 cxd4 4. Nxd4 Nf6 5. Nc3 a6 6. Bc4 e6 7. a4 Be7 8. O-O O-O 9. Be3 Qc7 10. Qe2 Bd7 11. Rad1 Nc6 12. Bb3 Rac8 13. g4 Na5 14. g5 Ne8 15. f4 Nc4 16. Bc1 b5 17. axb5 axb5 18. Ndxb5 Qc5+ 19. Nd4 e5 20. Qxc4 Qxc4 21. Bxc4 exd4 22. Rxd4 d5 23. Rxd5 Be6 24. Bb3 Bxd5 25. Nxd5 Bc5+ 26. Kg2 Nc7 27. Nxc7 Rxc7 28. Bd5 g6 29. c3 Kg7 30. b4 Be7 31. Be3 h6 32. h4 f6 33. Bd4 Kh7 34. b5 1-0

[Event "7th Leer Open-A 2024"]
[Site "Leer"]
[Date "2024.10.31"]
[Round "2.3"]
[White "Skembris, Simon Max"]
[Black "Van Osch, Mees"]
[Result "0-1"]
[ECO "B67"]
[WhiteElo "2119"]
[BlackElo "2362"]
[Annotator "RC"]
[PlyCount "72"]
[EventDate "2024.10.14"]
[EventType "swiss"]
[EventCountry "GER"]
[SourceTitle "playchess.com"]
[Source "ChessBase"]
[SourceQuality "1"]
[TimeControl "40/5400+30:900+30"]

1. e4 c5 2. Nf3 d6 3. d4 cxd4 4. Nxd4 Nf6 5. Nc3 Nc6 6. Bg5 Bd7 7. Qd2 a6 8. O-O-O e6 9. f3 Be7 10. h4 Nxd4 11. Qxd4 h6 12. Be3 b5 13. Kb1 h5 14. Qd2 Bc6 15. g3 d5 16. e5 Nd7 17. Bd4 b4 18. Ne2 Bb5 19. Nc1 Qb8 20. f4 g6 21. Bd3 a5 22. Qe2 Bxd3 23. Nxd3 Qb5 24. Qf3 a4 25. Nc1 Bc5 26. Qe2 Qxe2 27. Nxe2 Ke7 28. Bxc5+ Nxc5 29. Nd4 Ne4 30. Rhg1 Rhc8 31. Nf3 a3 32. Ng5 Nxg5 33. hxg5 axb2 34. Rd4 Ra4 35. a3 Rxa3 36. Rxb4 Ra1+ 0-1

[Event "7th Leer Open-A 2024"]
[Site "Leer"]
[Date "2024.10.31"]
[Round "2.4"]
[White "Nedic, Dusan"]
[Black "Issing, Peter"]
[Result "1-0"]
[ECO "E21"]
[WhiteElo "2339"]
[BlackElo "2112"]
[Annotator "RC"]
[PlyCount "85"]
[EventDate "2024.10.14"]
[EventType "swiss"]
[EventCountry "GER"]
[SourceTitle "playchess.com"]
[Source "ChessBase"]
[SourceQuality "1"]
[TimeControl "40/5400+30:900+30"]

1. d4 Nf6 2. c4 e6 3. Nc3 Bb4 4. Bd2 O-O 5. Nf3 b6 6. g3 Bb7 7. Bg2 c5 8. a3 Bxc3 9. Bxc3 Ne4 10. Rc1 Qc7 11. d5 exd5 12. cxd5 d6 13. Nh4 Nxc3 14. Rxc3 Nd7 15. O-O Rae8 16. Re1 Bc8 17. e4 Ne5 18. f4 Ng6 19. Nf3 Bg4 20. h3 Bxf3 21. Bxf3 b5 22. Rce3 Rb8 23. e5 b4 24. h4 bxa3 25. bxa3 Qb6 26. Qc2 Rfe8 27. h5 Nf8 28. e6 Re7 29. Kh1 Qb2 30. Qxb2 Rxb2 31. g4 h6 32. g5 hxg5 33. fxg5 g6 34. Bg4 gxh5 35. Bxh5 fxe6 36. dxe6 Nh7 37. Rd1 Rb6 38. Rd5 Kg7 39. Rf5 c4 40. Rf7+ Rxf7 41. Bxf7 Rb3 42. Re1 Rb8 43. Bh5 1-0

[Event "7th Leer Open-A 2024"]
[Site "Leer"]
[Date "2024.10.31"]
[Round "2.5"]
[White "Sommer, Justus"]
[Black "Lammers, Markus"]
[Result "1/2-1/2"]
[ECO "B01"]
[WhiteElo "2114"]
[BlackElo "2312"]
[Annotator "RC"]
[PlyCount "153"]
[EventDate "2024.10.14"]
[EventType "swiss"]
[EventCountry "GER"]
[SourceTitle "playchess.com"]
[Source "ChessBase"]
[SourceQuality "1"]
[TimeControl "40/5400+30:900+30"]

1. e4 d5 2. exd5 Nf6 3. d4 Nxd5 4. c4 Nb6 5. Nc3 e5 6. dxe5 Qxd1+ 7. Nxd1 Nc6 8. Ne3 Nxe5 9. Bd2 Be6 10. b3 a5 11. Be2 a4 12. Bc3 Nc6 13. Nf3 f6 14. O-O Bc5 15. Nc2 O-O 16. Nfd4 Nxd4 17. Bxd4 Nd7 18. Bf3 c6 19. Rfe1 Rfe8 20. h3 Bf5 21. b4 Bf8 22. Rxe8 Rxe8 23. Ne3 Be4 24. Bxe4 Rxe4 25. Bc3 Nb6 26. c5 Nc4 27. Re1 Na3 28. f3 Re8 29. Nc2 Rxe1+ 30. Nxe1 Kf7 31. Kf2 Ke6 32. Ke3 Kd5 33. Kd3 Be7 34. g3 Bd8 35. Ng2 Bc7 36. Ne3+ Ke6 37. g4 g6 38. Bb2 Nb5 39. Nc4 f5 40. Bg7 fxg4 41. fxg4 Bg3 42. Ne3 Bf2 43. Ng2 Bg3 44. Ne3 Be1 45. Nc2 Bf2 46. Ke4 b6 47. cxb6 Bxb6 48. Bh8 Nd6+ 49. Kd3 Kd5 50. Nd4 Ne4 51. Ne2 Nf2+ 52. Kc2 Kc4 53. a3 Nxh3 54. Nc3 Nf2 55. Nxa4 Bd4 56. Bxd4 Kxd4 57. Nc5 Nxg4 58. a4 Kc4 59. a5 Ne3+ 60. Kd2 Nd5 61. a6 Kb5 62. a7 Nb6 63. Kc3 Na8 64. Ne6 h6 65. Nd4+ Kb6 66. Kd3 Kc7 67. Ke4 Kd6 68. b5 c5 69. Ne2 c4 70. Kd4 Nb6 71. Nf4 g5 72. Nd5 Na8 73. Kxc4 h5 74. Kd4 h4 75. Ne3 h3 76. Ng4 Kc7 77. Ke4 1/2-1/2

[Event "7th Leer Open-A 2024"]
[Site "Leer"]
[Date "2024.10.31"]
[Round "2.6"]
[White "Tschernatsch, Johannes"]
[Black "Meiwes, Thore"]
[Result "1-0"]
[ECO "B34"]
[WhiteElo "2319"]
[BlackElo "2059"]
[Annotator "RC"]
[PlyCount "93"]
[EventDate "2024.10.14"]
[EventType "swiss"]
[EventCountry "GER"]
[SourceTitle "playchess.com"]
[Source "ChessBase"]
[SourceQuality "1"]
[TimeControl "40/5400+30:900+30"]

1. e4 c5 2. Nf3 Nc6 3. Nc3 g6 4. d4 cxd4 5. Nxd4 Bg7 6. Be3 Nf6 7. Nxc6 dxc6 8. Qxd8+ Kxd8 9. O-O-O+ Ke8 10. f3 Be6 11. Ne2 Nd7 12. Nd4 Bxd4 13. Bxd4 f6 14. g4 Bf7 15. g5 e5 16. Bc3 Be6 17. h4 Rf8 18. Be2 Ke7 19. gxf6+ Rxf6 20. Bd2 Rf7 21. Bg5+ Kf8 22. Bh6+ Ke7 23. h5 Rg8 24. Bg5+ Nf6 25. h6 Re8 26. Rd2 Kf8 27. Rhd1 Nd7 28. a4 a5 29. b3 Nc5 30. Be3 b6 31. Rd6 Rc7 32. Kb2 Ke7 33. Bg5+ Kf7 34. Bd8 Rb7 35. Rxc6 Bd7 36. Rf6+ Kg8 37. Bxb6 Re6 38. Rxe6 Nxe6 39. Bc4 Kf7 40. Bxa5 Kf6 41. Bc3 Nd4 42. f4 Nc6 43. fxe5+ Kg5 44. e6 Bc8 45. Bd5 Rc7 46. Bd2+ Kf6 47. Rf1+ 1-0

[Event "7th Leer Open-A 2024"]
[Site "Leer"]
[Date "2024.10.31"]
[Round "2.7"]
[White "Boesel, Alexander"]
[Black "Bracker, Frank"]
[Result "0-1"]
[ECO "B44"]
[WhiteElo "2045"]
[BlackElo "2297"]
[Annotator "RC"]
[PlyCount "56"]
[EventDate "2024.10.14"]
[EventType "swiss"]
[EventCountry "GER"]
[SourceTitle "playchess.com"]
[Source "ChessBase"]
[SourceQuality "1"]
[TimeControl "40/5400+30:900+30"]

1. e4 c5 2. Nf3 e6 3. d4 cxd4 4. Nxd4 Nc6 5. Be3 Nf6 6. Nd2 d5 7. Nxc6 bxc6 8. e5 Nd7 9. f4 Be7 10. Qg4 O-O 11. Bd3 f5 12. Qe2 Nc5 13. Nb3 Ne4 14. O-O a5 15. a4 c5 16. Bxe4 fxe4 17. Bxc5 Ba6 18. Qg4 Bxf1 19. Qxe6+ Rf7 20. Rxf1 Bxc5+ 21. Nxc5 Rc8 22. Nb3 Rxc2 23. Rd1 Qd7 24. Nd4 Qxe6 25. Nxe6 e3 26. g3 Rd7 27. f5 e2 28. Re1 d4 0-1

[Event "7th Leer Open-A 2024"]
[Site "Leer"]
[Date "2024.10.31"]
[Round "2.8"]
[White "Hoeffer, David"]
[Black "Giel, Olaf"]
[Result "1-0"]
[ECO "D00"]
[WhiteElo "2304"]
[BlackElo "2076"]
[Annotator "RC"]
[PlyCount "43"]
[EventDate "2024.10.14"]
[EventType "swiss"]
[EventCountry "GER"]
[SourceTitle "playchess.com"]
[Source "ChessBase"]
[SourceQuality "1"]
[TimeControl "40/5400+30:900+30"]

1. d4 Nf6 2. Nc3 d5 3. Bf4 g6 4. e3 Bg7 5. h4 h5 6. Nf3 Bf5 7. Ne5 Nbd7 8. f3 Nxe5 9. dxe5 Nd7 10. Qxd5 Nxe5 11. O-O-O c6 12. Qxe5 Bxe5 13. Rxd8+ Rxd8 14. Bxe5 f6 15. Bg3 e5 16. e4 Be6 17. f4 exf4 18. Bxf4 Rh7 19. Bd3 b5 20. b3 a6 21. Be3 Rhd7 22. Rf1 1-0

[Event "7th Leer Open-A 2024"]
[Site "Leer"]
[Date "2024.10.31"]
[Round "2.9"]
[White "Sickmann, Lisa"]
[Black "Nechitaylo, Nikita"]
[Result "0-1"]
[ECO "B32"]
[WhiteElo "1965"]
[BlackElo "2289"]
[Annotator "RC"]
[PlyCount "80"]
[EventDate "2024.10.14"]
[EventType "swiss"]
[EventCountry "GER"]
[SourceTitle "playchess.com"]
[Source "ChessBase"]
[SourceQuality "1"]
[TimeControl "40/5400+30:900+30"]

1. e4 c5 2. Nf3 Nc6 3. d4 cxd4 4. Nxd4 e5 5. Ne2 f5 6. Nbc3 fxe4 7. Ng3 Bb4 8. Bc4 Nge7 9. O-O Bxc3 10. bxc3 d5 11. Bb3 a5 12. a4 b6 13. Qh5+ g6 14. Qh6 Qc7 15. Nxe4 Ng8 16. Qe3 dxe4 17. Qxe4 Bf5 18. Qd5 Nf6 19. Qb5 O-O-O 20. Be3 Na7 21. Qxb6 Qxb6 22. Bxb6 Rd7 23. Bxa5 Nc6 24. Bb6 Nd5 25. a5 Nxb6 26. axb6 Kb7 27. Rfb1 Ra8 28. Ba4 Rxa4 29. Rxa4 Bxc2 30. Raa1 Bxb1 31. Rxb1 Rd3 32. c4 Rc3 33. g3 Rxc4 34. Kg2 e4 35. h4 Ne5 36. h5 Nd3 37. hxg6 hxg6 38. Kg1 Rc2 39. Rd1 Kxb6 40. f3 e3 0-1

[Event "7th Leer Open-A 2024"]
[Site "Leer"]
[Date "2024.10.31"]
[Round "2.10"]
[White "Schulze, Lara"]
[Black "Mix, Clemens"]
[Result "1-0"]
[ECO "B30"]
[WhiteElo "2275"]
[BlackElo "2076"]
[Annotator "RC"]
[PlyCount "57"]
[EventDate "2024.10.14"]
[EventType "swiss"]
[EventCountry "GER"]
[SourceTitle "playchess.com"]
[Source "ChessBase"]
[SourceQuality "1"]
[TimeControl "40/5400+30:900+30"]

1. e4 c5 2. Nf3 Nc6 3. Bb5 Nf6 4. Nc3 Qc7 5. O-O Nd4 6. Re1 a6 7. Bf1 Ng4 8. g3 Nxf3+ 9. Qxf3 Ne5 10. Qe2 e6 11. b3 d6 12. Bb2 b5 13. Nd1 Bb7 14. Bg2 Nd7 15. a4 bxa4 16. Rxa4 Nf6 17. e5 dxe5 18. Bxe5 Qb6 19. Bxb7 Qxb7 20. Bxf6 gxf6 21. Qh5 O-O-O 22. Ne3 Rd4 23. Nc4 Rd5 24. Qf3 Rd7 25. Qe2 Bd6 26. Rea1 h5 27. Rxa6 Bc7 28. Ra7 Qd5 29. Ra8+ 1-0

[Event "7th Leer Open-A 2024"]
[Site "Leer"]
[Date "2024.10.31"]
[Round "2.11"]
[White "Thiercelin, Jerome"]
[Black "Ngo, Quang Thai"]
[Result "0-1"]
[ECO "E36"]
[WhiteElo "2084"]
[BlackElo "2195"]
[Annotator "RC"]
[PlyCount "74"]
[EventDate "2024.10.14"]
[EventType "swiss"]
[EventCountry "GER"]
[SourceTitle "playchess.com"]
[Source "ChessBase"]
[SourceQuality "1"]
[TimeControl "40/5400+30:900+30"]

1. d4 Nf6 2. c4 e6 3. Nc3 Bb4 4. Qc2 O-O 5. a3 Bxc3+ 6. Qxc3 d5 7. Bg5 c5 8. dxc5 d4 9. Qf3 Nbd7 10. b4 a5 11. Rd1 axb4 12. axb4 e5 13. e4 h6 14. Bxf6 Nxf6 15. h3 Bd7 16. Bd3 b6 17. b5 bxc5 18. g4 Ra3 19. Ne2 Be6 20. g5 hxg5 21. Rg1 Nh7 22. Qh5 Qf6 23. Rg3 g6 24. Qh6 Qg7 25. Qxg7+ Kxg7 26. Nc1 Rfa8 27. Bf1 Rxg3 28. fxg3 Nf6 29. Nd3 Nd7 30. h4 gxh4 31. gxh4 Bxc4 32. Rb1 Bxd3 33. Bxd3 Nb6 34. Rc1 c4 35. Rxc4 Nxc4 36. Bxc4 Ra4 37. Bd5 Rb4 0-1

[Event "7th Leer Open-A 2024"]
[Site "Leer"]
[Date "2024.10.31"]
[Round "2.12"]
[White "Gutman, Lev"]
[Black "Dornieden, Jonas"]
[Result "1-0"]
[ECO "E05"]
[WhiteElo "2264"]
[BlackElo "2064"]
[Annotator "RC"]
[PlyCount "91"]
[EventDate "2024.10.14"]
[EventType "swiss"]
[EventCountry "GER"]
[SourceTitle "playchess.com"]
[Source "ChessBase"]
[SourceQuality "1"]
[TimeControl "40/5400+30:900+30"]

1. Nf3 Nf6 2. g3 d5 3. Bg2 e6 4. O-O Be7 5. d4 O-O 6. c4 dxc4 7. Qc2 b6 8. Bg5 Nd5 9. Bxe7 Qxe7 10. Qxc4 Ba6 11. Qc2 Nd7 12. Nc3 c5 13. Nxd5 exd5 14. Rfe1 Nf6 15. Rac1 c4 16. Ne5 Bb7 17. Qa4 a6 18. b3 b5 19. Qa5 Rac8 20. a4 Qc7 21. Qb4 Ba8 22. axb5 axb5 23. Qxb5 Qa7 24. bxc4 Qxd4 25. Nf3 Qa7 26. c5 Rb8 27. Qd3 Rfc8 28. Qd4 Rb5 29. c6 Qb8 30. Ne5 Rb4 31. Qc5 Qxe5 32. Qxb4 Rxc6 33. Qa4 Qe8 34. Qa7 g6 35. Qd4 h5 36. Rxc6 Qxc6 37. Rb1 Nd7 38. h3 Qc2 39. Re1 Qc6 40. g4 hxg4 41. hxg4 Qe6 42. g5 Bc6 43. Rc1 Ne5 44. Rc3 Nc4 45. e4 Qg4 46. Rh3 1-0

[Event "7th Leer Open-A 2024"]
[Site "Leer"]
[Date "2024.10.31"]
[Round "2.13"]
[White "Wiege, Andre"]
[Black "de Voogt, Juergen"]
[Result "1/2-1/2"]
[ECO "B40"]
[WhiteElo "2031"]
[BlackElo "2245"]
[Annotator "RC"]
[PlyCount "22"]
[EventDate "2024.10.14"]
[EventType "swiss"]
[EventCountry "GER"]
[SourceTitle "playchess.com"]
[Source "ChessBase"]
[SourceQuality "1"]
[TimeControl "40/5400+30:900+30"]

1. e4 c5 2. Nf3 e6 3. Nc3 a6 4. g3 b5 5. Bg2 Bb7 6. d3 Nc6 7. Be3 Qc7 8. Qd2 Nf6 9. h3 Be7 10. O-O O-O 11. Rae1 Rad8 1/2-1/2

[Event "7th Leer Open-A 2024"]
[Site "Leer"]
[Date "2024.10.31"]
[Round "2.14"]
[White "Hintze, Helge"]
[Black "Hansch, Torsten"]
[Result "1/2-1/2"]
[ECO "A13"]
[WhiteElo "2230"]
[BlackElo "2057"]
[Annotator "RC"]
[PlyCount "119"]
[EventDate "2024.10.14"]
[EventType "swiss"]
[EventCountry "GER"]
[SourceTitle "playchess.com"]
[Source "ChessBase"]
[SourceQuality "1"]
[TimeControl "40/5400+30:900+30"]

1. c4 e6 2. g3 d5 3. Bg2 Nf6 4. Nf3 d4 5. O-O Be7 6. e3 Nc6 7. d3 O-O 8. exd4 Nxd4 9. Nc3 Nxf3+ 10. Bxf3 e5 11. Re1 Bd6 12. Nb5 c6 13. Nxd6 Qxd6 14. Qe2 Bf5 15. Qxe5 Qxe5 16. Rxe5 Bxd3 17. b3 Rfe8 18. Rxe8+ Rxe8 19. Be3 a6 20. Rd1 Bf5 21. Kg2 Nd7 22. g4 Be6 23. h3 f6 24. Kg3 Kf7 25. Bf4 Ne5 26. Be4 Ng6 27. Bd6 Rd8 28. f4 Bc8 29. f5 Ne5 30. Rd4 Re8 31. c5 g6 32. Kf4 g5+ 33. Kg3 Kg7 34. Kf2 h5 35. Kg3 hxg4 36. hxg4 Nf7 37. Bc7 Re7 38. Ba5 Re5 39. b4 Re8 40. Kf2 Ne5 41. Bg2 Rh8 42. Bc7 Nf7 43. Bf1 Rh4 44. Bg3 Rh8 45. Bc7 Rh4 46. Ke3 Nh6 47. Be2 Bxf5 48. Bg3 Nxg4+ 49. Kd2 Rh3 50. Bxg4 Bxg4 51. Rxg4 Kg6 52. Bf2 Ra3 53. Rd4 Rxa2+ 54. Ke3 a5 55. Kf3 f5 56. Rd7 g4+ 57. Kg3 f4+ 58. Kxg4 Rxf2 59. Rxb7 axb4 60. Rxb4 1/2-1/2